 Dungeon Crawl Stone Soup version 0.22-a0-223-g0f5d773 (webtiles) character file.

8775 kuniqs the Blocker (level 11, 0/97 HPs)
             Began as a Minotaur Fighter on Feb 18, 2018.
             Was a Priest of Makhleb.
             Slain by a two-headed ogre
             ... wielding a +0 giant spiked club
              (22 damage)
             ... on level 10 of the Dungeon.
             The game lasted 00:19:31 (9632 turns).

kuniqs the Blocker (Minotaur Fighter)               Turns: 9632, Time: 00:19:32

Health: 0/97       AC: 12    Str: 20    XL:     11   Next: 14%
Magic:  14/14      EV:  3    Int:  5    God:    Makhleb [***...]
Gold:   488        SH:  9    Dex: 16    Spells: 10/10 levels left

rFire    . . .     SeeInvis .   H - +3 war axe
rCold    + . .     Gourm    .   c - +0 shield
rNeg     + . .     Faith    .   s - +0 plate armour {rC+}
rPois    .         Spirit   .   (helmet restricted)
rElec    .         Reflect  .   z - +0 cloak
rCorr    .         Harm     .   F - +0 pair of gloves
MR       .....                  (no boots)
Stlth    ..........             (no amulet)
HPRegen  0.26/turn              a - ring of positive energy
MPRegen  0.14/turn              (no ring)

@: extremely drained
A: retaliatory headbutt, horns 2, agile 1, wild magic 1
a: Minor Destruction, Lesser Servant of Makhleb, Renounce Religion


You were on level 10 of the Dungeon.
You worshipped Makhleb.
Makhleb was most pleased with you.
You were near starving.

You visited 2 branches of the dungeon, and saw 11 of its levels.

You collected 545 gold pieces.
You spent 57 gold pieces at shops.

Inventory:

Hand Weapons
 b - a +2 dagger of draining
 H - a +3 war axe (weapon)
Armour
 c - a +0 shield (worn)
 s - a +0 plate armour of cold resistance (worn)
 z - a +0 cloak (worn)
 F - a +0 pair of gloves (worn)
Jewellery
 a - a ring of positive energy (left hand)
 k - an uncursed ring of ice
Wands
 C - a wand of flame (3)
Scrolls
 e - 6 scrolls of remove curse {@r2}
 j - 4 scrolls of teleportation
 n - 2 scrolls of magic mapping
 o - a scroll of blinking
 q - a scroll of fear
 t - a scroll of enchant weapon
 x - a scroll of identify {@r1}
 D - a scroll of immolation
Potions
 d - a potion of might
 h - 3 potions of cancellation
 i - a potion of invisibility
 l - 2 potions of haste
 m - 4 potions of mutation
 p - a potion of resistance
 r - 3 potions of agility
 u - 2 potions of ambrosia
 v - a potion of curing {@q1}
 w - a potion of lignification
Comestibles
 f - 16 rations


   Skills:
 + Level 9.4(1.6) Fighting
 + Level 9.2(1.4) Axes
 + Level 9.5(1.6) Armour
 + Level 7.9(0.4) Dodging
 + Level 9.5(1.7) Shields
 + Level 5.8(0.0) Invocations


You had 10 spell levels left.
You didn't know any spells.

Dungeon Overview and Level Annotations

Branches:
Dungeon (10/15)            Temple (1/1) D:5            Lair (0/6) D:10
    Orc: D:9-12

Altars:
Ashenzari
Cheibriados
Dithmenos
Elyvilon
Fedhas
Gozag
Hepliaklqana
Kikubaaqudgha
Makhleb
Nemelex Xobeh
Okawaru
Qazlal
Ru
Sif Muna
Trog
Uskayaw
Vehumet
Wu Jian
Xom
Yredelemnul
Zin
The Shining One

Shops:
D:6 (*(   D:7 !

Annotations:
D:10 Josephine


Innate Abilities, Weirdness & Mutations

You reflexively headbutt those who attack you in melee.
You have a pair of horns on your head.
You are agile. (Dex +2)
Your spells are a little harder to cast, but a little more powerful.


Message History

You closely miss the crimson imp.
The crimson imp hits you but does no damage. x2
The orc priest casts a cantrip, but nothing happens.
The orc barely misses you.
An orc comes into view. It is wielding a dagger.
The orc shouts!
The crimson imp blinks!
A two-headed ogre comes into view. It is wielding two giant spiked clubs.
The orc priest invokes the aid of Beogh against you.
Beogh smites you! The two-headed ogre barely misses you.
The two-headed ogre hits you but does no damage.
A cyclops comes into view.
The cyclops shouts!
The cyclops throws a large rock.
The large rock hits you but does no damage.
The two-headed ogre hits you with a giant spiked club!
* * * LOW HITPOINT WARNING * * *
The two-headed ogre hits you with a giant spiked club!!
You die...

#######################
.......................
.$........o...........
#(.....@O##...##..
#........##...#
#........##...#
#........##...#
#........##...#
#........##oo.#
#........##5..#
#C.......##...#
#........#


You could see a two-headed ogre, a cyclops and an orc.

Vanquished Creatures
  2 two-headed ogres
  Sonja (D:9)
  A manticore (D:9)
  Maurice (D:7)
  Joseph (D:7)
  3 polar bears (D:8)
  A hippogriff (D:8)
  A spriggan (D:7)
  Sigmund (D:5)
  A wyvern (D:8)
  The ghost of kegs the Skirmisher, an amateur HOFi (D:3)
  A steam dragon (D:7)
  2 water moccasins
  3 orc warriors
  2 black bears
  A sky beast (D:6)
  2 ice beasts
  4 ogres
  A phantom (D:4)
  A wolf (D:7)
  A centaur (D:9)
  2 bullfrogs
  3 scorpions
  2 wyvern skeletons (D:10)
  20 killer bees
  5 wights (D:8)
  4 electric eels (D:8)
  3 crimson imps
  A quasit (D:5)
  7 orc priests
  6 hounds
  9 orc wizards
  2 iguanas
  Ijyb (D:5)
  6 worker ants
  A hound zombie (D:10)
  A howler monkey skeleton (D:9)
  12 adders
  2 shadow imps (D:7)
  5 white imps (D:8)
  An ufetubus (D:8)
  2 oozes
  An adder skeleton (D:9)
  3 worms
  8 leopard geckos
  33 orcs
  5 bats
  3 giant cockroaches
  6 goblins
  8 hobgoblins
  8 jackals
  4 quokkas
  3 ball pythons
  5 frilled lizards
  A jackal skeleton (D:8)
  7 kobolds
  A quokka skeleton (D:2)
  A quokka zombie (D:5)
  4 rats
228 creatures vanquished.

Vanquished Creatures (others)
  An orc (D:7)
1 creature vanquished.

Grand Total: 229 creatures vanquished

Notes
Turn   | Place    | Note
-------+----------+-------------------------------------------
     0 | D:1      | kuniqs the Minotaur Fighter began the quest for the Orb.
     0 | D:1      | Reached XP level 1. HP: 19/19 MP: 0/0
   271 | D:1      | Reached XP level 2. HP: 27/27 MP: 1/1
   618 | D:1      | Reached skill level 1 in Dodging
   740 | D:2      | Reached XP level 3. HP: 29/33 MP: 2/2
  1111 | D:2      | Reached XP level 4. HP: 29/40 MP: 3/3
  1439 | D:3      | Noticed kegs's ghost (amateur HOFi)
  1740 | D:4      | Reached XP level 5. HP: 36/47 MP: 4/4
  1805 | D:4      | Noticed a phantom
  1825 | D:4      | Killed a phantom
  1912 | D:4      | Reached XP level 6. HP: 43/55 MP: 5/5
  2466 | D:5      | Entered Level 5 of the Dungeon
  2477 | D:5      | Found a sparkling altar of Nemelex Xobeh.
  2545 | D:5      | Reached skill level 5 in Armour
  2590 | D:5      | Reached skill level 5 in Fighting
  2590 | D:5      | Reached skill level 5 in Shields
  2632 | D:5      | Found a staircase to the Ecumenical Temple.
  2642 | Temple   | Entered the Ecumenical Temple
  3019 | D:5      | Reached XP level 7. HP: 54/61 MP: 6/6
  3084 | D:5      | Noticed Ijyb
  3093 | D:5      | Paralysed by Ijyb for 3 turns
  3105 | D:5      | Paralysed by Ijyb for 5 turns
  3110 | D:5      | Killed Ijyb
  3116 | D:5      | Found an iron altar of Okawaru.
  3234 | D:5      | Reached skill level 5 in Axes
  3532 | D:5      | Noticed Sigmund
  3545 | D:5      | Killed Sigmund
  3669 | D:6      | Found a burning altar of Makhleb.
  3679 | D:6      | Became a worshipper of Makhleb the Destroyer
  3795 | D:6      | Reached XP level 8. HP: 56/70 MP: 7/7
  3865 | D:6      | Found Etuquufy's Weapon Shop.
  3886 | D:6      | Found Parocw's Assorted Antiques.
  3901 | D:6      | Bought a scroll labeled INGALA HECZYEH for 21 gold pieces
  3901 | D:6      | Bought an amethyst potion for 18 gold pieces
  3901 | D:6      | Bought an amethyst potion for 18 gold pieces
  3989 | D:6      | Found Defit's Antique Weapon Boutique.
  4077 | D:6      | Reached skill level 1 in Invocations
  4683 | D:7      | Found Etucuriwk's Distillery.
  4759 | D:7      | Reached skill level 5 in Dodging
  5026 | D:7      | Found a glowing golden altar of the Shining One.
  5029 | D:7      | Found a shattered altar of Ashenzari.
  5032 | D:7      | Found a burning altar of Makhleb.
  5083 | D:7      | Reached XP level 9. HP: 79/79 MP: 8/10
  5110 | D:7      | Reached * piety under Makhleb
  5280 | D:7      | Found an opulent altar of Gozag.
  6018 | D:8      | Noticed Joseph
  6040 | D:7      | Killed Joseph
  6154 | D:8      | Noticed a polar bear
  6197 | D:8      | Noticed a two-headed ogre
  6213 | D:8      | Killed a two-headed ogre
  6288 | D:8      | Reached ** piety under Makhleb
  6316 | D:8      | Reached XP level 10. HP: 79/88 MP: 12/12
  6379 | D:8      | Noticed Maurice
  6434 | D:7      | Killed Maurice
  6557 | D:8      | Found a hide-covered altar of Uskayaw.
  6560 | D:8      | Found an iron altar of Okawaru.
  7041 | D:8      | Reached skill level 5 in Invocations
  7112 | D:8      | Found a stormy altar of Qazlal.
  7633 | D:3      | Killed kegs's ghost
  8168 | D:9      | Gained mutation: Your spells are a little harder to cast, but a little more powerful. [potion of mutation]
  8168 | D:9      | Gained mutation: You are agile. (Dex +2) [potion of mutation]
  8234 | D:9      | Reached *** piety under Makhleb
  8286 | D:9      | Found a sacrificial altar of Ru.
  8462 | D:9      | Noticed a two-headed ogre
  8483 | D:9      | Killed a two-headed ogre
  8563 | D:9      | Found a sacrificial altar of Ru.
  8565 | D:9      | Found a shimmering altar of Xom.
  8566 | D:9      | Found a shadowy altar of Dithmenos.
  8569 | D:9      | Found an ornate altar of the Wu Jian Council.
  8944 | D:10     | Entered Level 10 of the Dungeon
  8944 | D:10     | Noticed Josephine
  8944 | D:10     | Noticed Sonja
  9014 | D:9      | Killed Sonja
  9014 | D:9      | Reached XP level 11. HP: 71/97 MP: 14/14
  9586 | D:10     | Found a staircase to the Lair.
  9629 | D:10     | Noticed a two-headed ogre
  9632 | D:10     | Slain by a two-headed ogre

Vault maps used:
D:1:      lemuel_arrival_behind_the_door_small
D:2:      first_ration
D:5:      nemelex_altar_shiori, minmay_temple_entry_grid,
          hangedman_abyss_or_decor_lesser_grid, minmay_misc_feat_x,
          okawaru_gym_becter, uniq_sigmund, uniq_ijyb
D:6:      serial_shops, nicolae_shop_stone, nicolae_shop_stone, shop,
          makhleb_heckhound_becter
D:7:      kennysheep_mini_moat, grunt_temple_overflow_diamond, serial_shops,
          shop, the_bakery
D:8:      nicolae_overflow_hidden_temple, serial_ice, serial_ice_f,
          serial_ice_i, serial_ice_b, serial_ice_o, uniq_maurice, uniq_joseph
D:9:      minitemple, hangedman_ru_absence
D:10:     minmay_lair_entry_lava, uniq_josephine, uniq_sonja
Temple:   eino_temple_lava

Skill      XL: |  1  2  3  4  5  6  7  8  9 10 |
---------------+-------------------------------+-----
Dodging        | 1 2 3 4 5 6 7 |  7.9
Armour         | 4 5 6 7 8 9 |  9.5
Shields        | 4 5 6 7 8 9 |  9.5
Fighting       | 4 5 6 7 8 9 |  9.4
Axes           | 3 4 5 6 7 9 |  9.2
Invocations    | 2 4 5 |  5.8

Action                   |  1- 3 |  4- 6 |  7- 9 | 10-12 || total
-------------------------+-------+-------+-------+-------++-------
Melee: War axe           |    97 |   100 |   250 |   176 ||   623
       Headbutt          |     9 |    17 |    43 |    60 ||   129
       Hand axe          |       |       |    35 |    95 ||   130
Throw: Javelin           |       |       |     6 |       ||     6
Evoke: Wand              |       |       |    33 |     9 ||    42
  Use: Scroll            |       |     7 |     5 |     9 ||    21
       Potion            |       |       |     5 |     7 ||    12
 Stab: Paralysed         |       |       |     3 |       ||     3
  Eat: Chunk             |     1 |     6 |    11 |     9 ||    27
Armor: Scale mail        |    38 |       |       |       ||    38
       Chain mail        |       |    57 |   168 |    62 ||   287
       Plate armour      |       |       |       |   133 ||   133
Dodge: Dodged            |    31 |    25 |   129 |   103 ||   288
Block: Shield            |    65 |    39 |   209 |   211 ||   524

Table legend:
 A = Spawn XP
 B = Non-spawn XP
 C = Spawn XP percentage of total XP
 D = Spawn monster count
 E = Non-spawn monster count
 F = Spawn count percentage of total count
 G = Total turns spent on level
                    A         B        C        D         E        F      G
               +---------+---------+-------+---------+---------+-------+---------
         Total |       0 |   12536 |   0.0 |       0 |     228 |   0.0 |  9632
               +---------+---------+-------+---------+---------+-------+---------
           D:1 |       0 |      31 |   0.0 |       0 |      19 |   0.0 |   718
           D:2 |       0 |      78 |   0.0 |       0 |      21 |   0.0 |   568
           D:3 |       0 |     232 |   0.0 |       0 |      14 |   0.0 |   810
           D:4 |       0 |     344 |   0.0 |       0 |      12 |   0.0 |  1034
           D:5 |       0 |     752 |   0.0 |       0 |      26 |   0.0 |   941
           D:6 |       0 |     879 |   0.0 |       0 |      23 |   0.0 |  1461
           D:7 |       0 |    3083 |   0.0 |       0 |      37 |   0.0 |  1638
           D:8 |       0 |    3449 |   0.0 |       0 |      42 |   0.0 |   889
           D:9 |       0 |    3401 |   0.0 |       0 |      29 |   0.0 |  1376
          D:10 |       0 |     287 |   0.0 |       0 |       5 |   0.0 |   123
               +---------+---------+-------+---------+---------+-------+---------
